 Dungeon Crawl Stone Soup version 0.24-a0-378-g94936e539c (webtiles) character file.

Game seed: 5136618495258613867

1240 yoda5477 the Ogre Mage (level 8, -10/74 HPs)
             Began as an Ogre Wizard on May 28, 2019.
             Was an Initiate of Sif Muna.
             Shot with a sling bullet by Joseph (13 damage)
             ... on level 7 of the Dungeon on June 1, 2019.
             The game lasted 02:05:36 (12862 turns).

yoda5477 the Ogre Mage (Ogre Wizard)               Turns: 12862, Time: 02:05:37

Health: -10/74     AC:  4    Str: 12    XL:     8   Next: 49%
Magic:  13/20      EV:  9    Int: 21    God:    Sif Muna [......]
Gold:   250        SH:  0    Dex:  7    Spells: 1/23 levels left

rFire    . . .     SeeInvis +   z - +4 dire flail (venom)
rCold    . . .     Gourm    .   (shield currently unavailable)
rNeg     . . .     Faith    .   a - +0 robe
rPois    .         Spirit   .   b - +0 hat
rElec    .         Reflect  .   J - +0 cloak
rCorr    .         Harm     .   (gloves unavailable)
MR       .....                  (boots unavailable)
Stlth    +.........             G - amulet of regeneration
HPRegen  0.62/turn              N - ring of see invisible
MPRegen  0.17/turn              (no ring)

@: drained
A: large, unfitting armour, tough skin 1
a: Renounce Religion


You were on level 7 of the Dungeon.
You worshipped Sif Muna.
Sif Muna was noncommittal.
You were not hungry.

You visited 2 branches of the dungeon, and saw 9 of its levels.

You collected 250 gold pieces.

Inventory:

Hand Weapons
 c - a +0 club
 g - a +0 hunting sling
 h - a +0 spear
 s - a +0 short sword
 z - a +4 dire flail of venom (weapon)
 C - a +2 dagger of venom
 F - a +3 halberd of protection
 H - a +0 trident
 L - a +0 arbalest
 M - a +0 trident
Missiles
 o - 29 boomerangs
 t - a throwing net (quivered)
Armour
 a - a +0 robe (worn)
 b - a +0 hat (worn)
 x - a +0 animal skin
 D - a +0 hat
 J - a +0 cloak (worn)
Jewellery
 G - an amulet of regeneration (around neck)
 K - an uncursed amulet of the gourmand
 N - a ring of see invisible (left hand)
Wands
 q - a wand of iceblast (11)
 A - a wand of random effects (14)
Scrolls
 i - a scroll of enchant weapon {unknown}
 j - 4 scrolls of identify
 k - 3 scrolls of teleportation
 p - 3 scrolls of remove curse
 r - a scroll of magic mapping {unknown}
 v - 2 scrolls of blinking {unknown}
 w - 2 scrolls of fog {unknown}
 y - a scroll of amnesia {unknown}
 B - a scroll of enchant armour {unknown}
 E - a scroll of fear {unknown}
Potions
 e - a potion of invisibility {unknown}
 f - 4 potions of heal wounds
 l - 6 potions of curing
 m - 3 potions of mutation {unknown}
 n - 2 potions of degeneration {unknown}
 u - 2 potions of haste
 I - a potion of agility {unknown}
Comestibles
 d - 12 rations


   Skills:
 + Level 2.8(1.8) Fighting
 - Level 1.7(0.8) Dodging
 - Level 1.4(0.4) Stealth
 - Level 8.0(6.9) Spellcasting
 + Level 3.7(2.7) Conjurations
 - Level 4.1(3.1) Summonings
 + Level 2.5(1.6) Translocations
 + Level 1.1(0.2) Fire Magic
 + Level 0.1(0.0) Air Magic


You had one spell level left.
You knew the following spells:

 Your Spells              Type           Power        Failure   Level  Hunger
a - Magic Dart            Conj           ###.         2%          1    None
b - Call Imp              Summ           ###.....     3%          2    None
c - Blink                 Tloc           N/A          7%          2    None
d - Conjure Flame         Conj/Fire      ##......     14%         3    #......
e - Mephitic Cloud        Conj/Pois/Air  ##......     19%         3    #......
f - Dazzling Spray        Conj/Hex       ##....       16%         3    #......
g - Fulminant Prism       Conj/Hex       ##........   45%         4    ###....
h - Force Lance           Conj/Tloc      ###.....     34%         4    ###....

Your spell library contained the following spells:

 Spells                   Type           Power        Failure   Level  Hunger
 Searing Ray              Conj           ###...       4%          2    None
 Slow                     Hex            #.......     14%         2    None
 Iskenderun's Mystic Bla  Conj           ###.....     28%         4    ###....


Dungeon Overview and Level Annotations

Branches:
Dungeon (8/15)             Temple (1/1) D:6
   Lair: D:8-11

Altars:
Ashenzari
Cheibriados
Dithmenos
Elyvilon
Fedhas
Gozag
Hepliaklqana
Kikubaaqudgha
Makhleb
Nemelex Xobeh
Okawaru
Qazlal
Ru
Sif Muna
Trog
Uskayaw
Vehumet
Wu Jian
Xom
Yredelemnul
Zin
The Shining One

Shops:
D:6 *

Annotations:
D:3 Ijyb, Jessica
D:4 exclusion: ogre
D:5 1 runed translucent door, exclusion: door, Crazy Yiuf, Dowan, Duvessa
D:7 Joseph


Innate Abilities, Weirdness & Mutations

You are too large for most types of armour.
You have tough skin. (AC +1)


Message History

You feel drained.
You hit Joseph.
Joseph looks as sick as possible!
Joseph is heavily wounded.
A worker ant zombie comes into view.
Joseph hits you with a +2 quarterstaff of draining!
* * * LOW HITPOINT WARNING * * *
You feel drained.
* * * LOW HITPOINT WARNING * * *
Casting: Mephitic Cloud (safe; 19% risk of failure)
Confirm with . or Enter, or press ? or * to list all spells.
You blink.
Joseph seems less confused.
Joseph unwields a +2 quarterstaff of draining.
Joseph wields a +0 hunting sling.
Joseph shoots a sling bullet.
The sling bullet barely misses you.
Joseph says, "You will never get the ORB, sorry."
Joseph shoots a sling bullet.
The sling bullet hits you!
* * * LOW HITPOINT WARNING * * *
You see here 2 sling bullets.
Joseph shoots a sling bullet.
The sling bullet hits you!
You die...

....#......# ..####
...#.....# .. ##....#
.......# #.# ##......
......## #..
##....### .<....# ..#
##.....# # ...#...#
#..# ###.(.(..##
...##...# #..##
##...##....#
..####...## #...#
##.(.####..(# ..#
#....###..@###.(.##
#..5# ..#
#....##...(.(..##
##..!# ..#
#............(##
#.... ..#
###...........##
##5..
..#####............@#
.@..
..............###..##
.... ............###
##..# ....
#.......### #..##
##......## ##..#


You could see Joseph.

Vanquished Creatures
  A hornet zombie (D:7)
  An ogre (D:6)
  A centaur (D:6)
  Blork the orc (D:5)
  A bullfrog (D:6)
  A scorpion (D:7)
  A bullfrog zombie (D:5)
  A centaur zombie (D:7)
  A jelly (D:4)
  An iguana (D:5)
  2 orc wizards
  5 adders
  An ooze (D:2)
  A worm (D:2)
  5 leopard geckos
  7 orcs
  2 ball pythons
  5 bats
  A giant cockroach (D:3)
  5 goblins
  6 hobgoblins (D:1)
  4 jackals
  2 quokkas
  3 frilled lizards
  7 kobolds
  8 rats
74 creatures vanquished.

Vanquished Creatures (collateral kills)
  Edmund (D:4)
  An ice beast (D:6)
  A black bear (D:7)
  An ogre (D:6)
  2 centaurs (D:5)
  2 scorpions
  3 hounds
  A jelly (D:6)
  A bullfrog skeleton (D:4)
  3 iguanas
  An orc wizard (D:4)
  2 hound skeletons
  4 adders
  A shadow imp (D:5)
  3 leopard geckos
  12 orcs
  A ball python (D:3)
  A giant cockroach (D:4)
  2 hobgoblins (D:3)
  14 jackals
  6 kobolds (D:3)
  3 quokkas
  2 frilled lizards
  3 goblins (D:3)
  A leopard gecko skeleton (D:4)
  A rat (D:3)
73 creatures vanquished.

Grand Total: 147 creatures vanquished

Notes
Turn   | Place    | Note
-------+----------+-------------------------------------------
     0 | D:1      | yoda5477 the Ogre Wizard began the quest for the Orb.
     0 | D:1      | Reached XP level 1. HP: 16/16 MP: 5/5
   106 | D:1      | You fall into a shaft and drop 1 floor!
   109 | D:2      | Found a white marble altar of Elyvilon.
   281 | D:2      | Reached skill level 1 in Conjurations
   370 | D:2      | Reached skill level 4 in Spellcasting
   370 | D:2      | Reached XP level 2. HP: 24/24 MP: 4/7
   408 | D:2      | Learned a level 2 spell: Call Imp
   411 | D:2      | Learned a level 2 spell: Blink
  1062 | D:1      | Reached XP level 3. HP: 31/31 MP: 1/9
  2117 | D:2      | Reached skill level 5 in Spellcasting
  2200 | D:2      | Reached XP level 4. HP: 39/39 MP: 6/11
  2877 | D:3      | Reached skill level 1 in Summonings
  3389 | D:2      | Learned a level 3 spell: Conjure Flame
  3393 | D:2      | Learned a level 3 spell: Mephitic Cloud
  3991 | D:3      | Noticed Ijyb
  4054 | D:3      | Reached XP level 5. HP: 45/45 MP: 5/12
  4319 | D:3      | Noticed Jessica
  4500 | D:3      | Found a bloodstained altar of Trog.
  5106 | D:4      | Found an opulent altar of Gozag.
  5170 | D:4      | Noticed an ogre
  6079 | D:5      | Entered Level 5 of the Dungeon
  6426 | D:5      | Reached XP level 6. HP: 44/53 MP: 7/14
  6565 | D:5      | Noticed Blork the orc
  6946 | D:4      | Upgraded the game from 0.24-a0-368-g0e0cebd0f3 to
                  | 0.24-a0-378-g94936e539c
  7049 | D:4      | Reached skill level 6 in Spellcasting
  7049 | D:4      | Reached skill level 1 in Translocations
  7494 | D:5      | Noticed Edmund
  8111 | D:5      | Noticed Duvessa
  8111 | D:5      | Noticed Dowan
  8488 | D:4      | Killed Edmund
  8735 | D:5      | Reached XP level 7. HP: 59/59 MP: 15/17
  8790 | D:5      | Killed Blork the orc
  8790 | D:5      | Reached skill level 7 in Spellcasting
  9188 | D:5      | Found a runed translucent door.
  9189 | D:5      | Noticed Crazy Yiuf
 10617 | D:6      | Found a staircase to the Ecumenical Temple.
 10629 | Temple   | Entered the Ecumenical Temple
 11214 | D:6      | Reached skill level 8 in Spellcasting
 11320 | D:6      | Found a deep blue altar of Sif Muna.
 11328 | D:6      | Became a worshipper of Sif Muna the Loreminder
 11399 | D:6      | Reached skill level 1 in Fighting
 11414 | D:6      | Reached XP level 8. HP: 70/70 MP: 2/20
 11555 | D:6      | Found Luipnuank's Assorted Antiques.
 12131 | D:6      | Reached skill level 1 in Fire Magic
 12769 | D:7      | Learned a level 3 spell: Dazzling Spray
 12774 | D:7      | Learned a level 4 spell: Fulminant Prism
 12779 | D:7      | Learned a level 4 spell: Force Lance
 12825 | D:7      | Noticed Joseph
 12861 | D:7      | HP: 2/74 [Joseph/sling bullet (17)]
 12862 | D:7      | Shot with a sling bullet by Joseph

Levels and vault maps discovered:
D:1:      minmay_arrival_split_and_join, layout_basic
D:2:      layout_rooms, elyvilon_altar_1
D:3:      layout_basic, hex_large, eino_tiny_chamber, minmay_misc_feat_iff,
          trog_hazing_becter, uniq_jessica, uniq_sigmund, uniq_ijyb
D:4:      layout_loops_cross, first_ration, kennysheep_flooded_box, nrook_uturn,
          minmay_misc_feat_more_columns
D:5:      layout_basic, minmay_lizard_king, uniq_edmund, uniq_blork_the_orc,
          uniq_crazy_yiuf_cottage, uniq_duvessa
D:6:      layout_basic, lemuel_round_altar,
          minmay_temple_entry_drinking_statues, serial_shops,
          kennysheep_mini_moat
D:7:      layout_layer_cave, trog_butcher_becter, uniq_joseph
D:8:      layout_rooms, hangedman_ranch [blue_anna_fruit_fields], uniq_psyche,
          uniq_pikel
Temple:   grunt_wide_crystal_templ

Skill      XL: |  1  2  3  4  5  6  7  8 |
---------------+-------------------------+-----
Conjurations   | 1 2 3 |  3.7
Spellcasting   | 4 5 6 8 |  8.0
Summonings     | 1 2 3 4 |  4.1
Translocations | 1 2 |  2.5
Fighting       | 1 2 |  2.8
Fire Magic     | 1 |  1.1
Dodging        | |  1.7
Stealth        | |  1.4
Air Magic      | |  0.1

Action                   |  1- 3 |  4- 6 |  7- 9 || total
-------------------------+-------+-------+-------++-------
Melee: Club              |     8 |       |       ||     8
       Unarmed           |     1 |       |       ||     1
       Spear             |    26 |    37 |       ||    63
       Dagger            |       |     2 |       ||     2
       Dire flail        |       |       |    38 ||    38
 Cast: Magic Dart        |    69 |    76 |    59 ||   204
       Call Imp          |       |   131 |    72 ||   203
       Conjure Flame     |       |    28 |     7 ||    35
       Blink             |       |    17 |    12 ||    29
       Mephitic Cloud    |       |     6 |     6 ||    12
  Use: Potion            |       |     2 |       ||     2
       Scroll            |       |       |     5 ||     5
  Eat: Chunk             |     3 |    17 |     4 ||    24
       Ration            |       |     2 |     2 ||     4
Armor: Robe              |    15 |    31 |     9 ||    55
Dodge: Dodged            |    44 |    87 |    30 ||   161

Table legend:
 A = Non-vault XP
 B = Vault XP
 C = Vault XP percentage of total XP
 D = Non-vault monster count
 E = Vault monster count
 F = Vault count percentage of total count
                 A         B        C        D         E       F
            +---------+---------+-------+---------+---------+-------
      Total |    1568 |     204 |  11.5 |     133 |      14 |   9.5
            +---------+---------+-------+---------+---------+-------
        D:1 |      38 |       0 |   0.0 |      24 |       0 |   0.0
        D:2 |      55 |       0 |   0.0 |      17 |       0 |   0.0
        D:3 |      85 |       8 |   8.6 |      28 |       6 |  17.6
        D:4 |     147 |     108 |  42.4 |      21 |       3 |  12.5
        D:5 |     356 |      88 |  19.8 |      22 |       5 |  18.5
        D:6 |     550 |       0 |   0.0 |      15 |       0 |   0.0
        D:7 |     337 |       0 |   0.0 |       6 |       0 |   0.0
            +---------+---------+-------+---------+---------+-------
